Map: Eternal Empire LE

Players

RiSky

  • Race: Zerg Zerg
  • Spawn Location: 7:00

EnDerr - Winner!

  • Race: Zerg Zerg
  • League: Master
  • Spawn Location: 1:00

Event: DreamHack SC2 Masters 2020 Fall

VOD

Have the link to the VOD?

Description

Time

  • Played on: Aug. 27, 2020, 7:14 a.m.
  • Length: 13:18

All games in this series

Show
View Real Time Build Order
Export as new Build Order

RiSky Zerg 

Build Orders: Hatch First 

Get SALT Encoding   

  12  0:00  Drone  
  13  0:12  Overlord  
  13  0:17  Drone  
  14  0:30  Drone x2  
  16  0:48  Hatchery  
  15  0:51  Drone  
  15  0:54  Drone  
  17  0:58  Drone  
  18  1:08  Extractor  
  17  1:14  Spawning Pool  
  17  1:16  Drone  
  17  1:20  Drone  
  18  1:29  Drone  
  19  1:39  Drone  
  20  1:49  Drone  
  21  1:59  Overlord  
  21  2:00  Queen x2  
  21  2:01  Zergling x2  
  26  2:08  Metabolic Boost  
  26  2:11  Drone  
  26  2:12  Drone  
  28  2:21  Drone  
  28  2:22  Drone  
  30  2:34  Hatchery  
  29  2:37  Drone  
  29  2:40  Drone  
  31  2:44  Drone  
  31  2:47  Baneling Nest  
  31  2:52  Overlord  
  31  2:55  Zergling x2  
  32  3:03  Drone  
  33  3:09  Drone  
  33  3:10  Drone  
  33  3:11  Drone x2, Zergling x4  
  39  3:14  Drone  
  39  3:16  Zergling x2  
  41  3:23  Evolution Chamber  
  41  3:24  Queen  
  42  3:31  Baneling x3  
  42  3:34  Overlord  
  42  3:41  Zergling x2  
  42  3:42  Zergling x2  
  42  3:47  Zergling x2  
  42  3:48  Zergling x10  
  50  3:50  Baneling x2  
  50  3:58  Baneling  
  50  3:59  Baneling  
  50  4:00  Drone x2  
  51  4:04  Overlord  
  51  4:08  Drone  
  51  4:09  Drone x3  
  55  4:11  Extractor x2  
  52  4:17  Drone  
  52  4:19  Drone x2  
  54  4:25  Drone x2  
  54  4:26  Overlord  
  56  4:32  Drone  
  56  4:36  Drone  
  58  4:42  Drone  
  58  4:46  Drone  
  58  4:47  Zerg Missile Weapons Level 1  
  58  4:50  Drone x2  
  58  4:51  Lair  
  61  4:54  Overlord  
  61  4:57  Drone x2  
  61  4:58  Drone x3  
  65  5:00  Drone x2, Roach Warren  
  65  5:03  Drone  
  67  5:10  Drone x3  
  70  5:17  Drone x2  
  70  5:19  Extractor  
  71  5:22  Drone x3  
  71  5:23  Drone, Overlord  
  71  5:25  Zergling x8  
  78  5:30  Overlord  
  78  5:31  Pneumatized Carapace  
  78  5:32  Extractor  
  78  5:34  Extractor, Zergling x6  
  78  5:37  Zergling x2  
  78  5:40  Zergling x2  
  80  5:47  Zergling x4  
  82  5:50  Roach  
  82  5:51  Roach x6  
  82  5:54  Roach  
  97  5:59  Overlord  
  97  6:01  Spine Crawler  
  97  6:03  Spine Crawler  
  95  6:04  Glial Reconstitution  
  95  6:10  Overlord  
  97  6:12  Overlord  
  97  6:16  Overlord  
  96  6:19  Drone  
  96  6:20  Overseer  
  96  6:25  Drone x4  
  100  6:28  Hatchery  
  100  6:29  Spire  
  98  6:33  Drone x2  
  98  6:37  Drone x2  
  102  6:42  Drone  
  102  6:46  Drone x2  
  104  6:47  Zerg Ground Armor Level 1  
  104  6:51  Hatchery  
  103  6:55  Overlord x2  
  99  7:22  Overlord  
  99  7:23  Overlord  
  96  7:42  Corruptor x9  
  96  7:43  Corruptor x3, Hatchery  
  119  7:46  Spore Crawler x2  
  119  7:48  Spore Crawler  
  110  7:55  Roach x8  
  123  7:59  Roach x2  
  123  8:02  Roach  
  123  8:04  Queen, Spore Crawler  
  130  8:06  Roach  
  130  8:10  Roach x2  
  136  8:19  Corruptor x2  
  138  8:25  Corruptor  
  140  8:31  Corruptor  
  142  8:38  Roach x4  
  146  8:48  Roach x4  
  145  8:57  Roach x6  
  151  9:04  Roach x2  
  151  9:12  Corruptor x2  
  149  9:20  Corruptor  
  147  9:24  Corruptor  
  147  9:30  Corruptor  
  139  9:33  Overseer  
  139  9:37  Corruptor  
  123  9:47  Corruptor, Spore Crawler  
  123  9:49  Corruptor  
  122  9:54  Corruptor, Spore Crawler  
  121  10:06  Corruptor  
  116  10:11  Corruptor  
  110  10:17  Queen x2  
  114  10:24  Corruptor x2  
  114  10:27  Spore Crawler  
  116  10:28  Corruptor  
  116  10:31  Corruptor  
  116  10:34  Drone x9  
  116  10:35  Unknown  
  126  10:40  Corruptor  
  126  10:44  Corruptor  
  118  10:53  Corruptor  
  104  10:59  Corruptor  
  104  11:01  Roach x4  
  112  11:07  Roach x3  
  122  11:14  Roach x2  
  126  11:22  Roach  
  126  11:23  Roach x4  
  126  11:25  Corruptor x2  
  130  11:29  Corruptor  
  134  11:33  Corruptor  
  134  11:38  Spore Crawler  
  132  11:40  Corruptor  
  132  11:41  Extractor  
  132  11:45  Corruptor  
  135  11:50  Overlord  
  134  11:56  Corruptor  
  133  12:01  Corruptor  
  133  12:08  Unknown  
  128  12:10  Drone x6  
  134  12:21  Spire  
  133  12:31  Spore Crawler  
  133  12:32  Spore Crawler  
  121  12:38  Spire  
  121  12:41  Roach x5  
  130  12:48  Roach  
Show
View Real Time Build Order
Export as new Build Order

EnDerr Zerg - Winner!

Build Orders: Hatch First 

Get SALT Encoding   

  12  0:00  Drone  
  13  0:12  Overlord  
  13  0:17  Drone  
  14  0:30  Drone x2  
  16  0:49  Hatchery  
  15  0:51  Drone  
  15  0:54  Drone  
  17  0:58  Drone  
  18  1:09  Extractor  
  17  1:14  Spawning Pool  
  17  1:18  Drone  
  17  1:21  Drone  
  18  1:29  Drone  
  19  1:42  Drone  
  20  1:50  Drone  
  21  2:01  Drone x2  
  21  2:02  Queen x2  
  27  2:09  Metabolic Boost  
  27  2:11  Overlord  
  27  2:14  Drone  
  28  2:29  Zergling x2  
  29  2:32  Hatchery  
  28  2:40  Baneling Nest  
  28  2:42  Drone  
  28  2:44  Drone  
  28  2:45  Drone  
  28  2:48  Zergling x2  
  28  2:50  Zergling x2  
  32  2:56  Overlord  
  32  3:01  Zergling x2  
  33  3:14  Zergling x6  
  33  3:15  Drone x4  
  33  3:18  Drone  
  41  3:25  Baneling  
  41  3:26  Baneling x3  
  41  3:33  Queen  
  43  3:38  Overlord  
  43  3:41  Evolution Chamber, Zergling x2  
  43  3:42  Zergling x2  
  43  3:46  Drone  
  45  3:49  Drone x2  
  47  3:58  Drone x2  
  47  3:59  Drone x2  
  50  4:04  Overlord  
  50  4:07  Zerg Melee Weapons Level 1  
  50  4:17  Roach Warren  
  50  4:22  Drone x6  
  55  4:24  Extractor  
  55  4:28  Overlord  
  53  4:42  Extractor  
  50  4:48  Zergling x12  
  50  4:49  Zergling x6  
  58  4:53  Lair  
  58  5:00  Overlord  
  58  5:09  Baneling x2  
  58  5:10  Roach x4  
  66  5:14  Drone x5  
  66  5:15  Drone  
  71  5:27  Overlord  
  71  5:28  Extractor  
  71  5:29  Drone x6  
  76  5:38  Drone x3  
  79  5:44  Overlord  
  79  5:50  Extractor  
  79  5:51  Extractor  
  79  5:54  Drone x2  
  78  6:01  Drone x4  
  78  6:02  Overlord, Spire  
  78  6:03  Drone  
  82  6:05  Drone  
  82  6:10  Overlord  
  84  6:11  Zergling x6  
  84  6:16  Zergling x4  
  84  6:18  Overlord  
  87  6:30  Drone x3  
  87  6:31  Drone  
  90  6:41  Hatchery  
  88  6:51  Overlord  
  83  7:14  Mutalisk x2  
  83  7:15  Zerg Flyer Weapons Level 1, Mutalisk x10  
  101  7:20  Mutalisk  
  101  7:22  Queen  
  106  7:26  Drone x2  
  106  7:28  Mutalisk  
  109  7:32  Mutalisk  
  111  7:37  Drone x4  
  111  7:38  Drone x5  
  120  7:47  Unknown  
  120  7:48  Overlord, Mutalisk x2  
  118  7:52  Mutalisk  
  118  7:57  Mutalisk  
  120  8:01  Queen  
  120  8:02  Zergling x10  
  123  8:06  Mutalisk  
  123  8:08  Zergling x4  
  127  8:18  Mutalisk x2  
  131  8:22  Zergling x12  
  131  8:23  Mutalisk  
  135  8:34  Mutalisk  
  134  8:35  Overlord  
  134  8:37  Zergling x8  
  133  8:51  Mutalisk  
  133  8:52  Mutalisk  
  133  8:53  Mutalisk  
  133  8:55  Zergling x6, Mutalisk  
  124  8:58  Mutalisk  
  124  8:59  Mutalisk  
  124  9:02  Zergling x2  
  120  9:03  Zergling x16  
  120  9:08  Mutalisk  
  120  9:09  Mutalisk  
  120  9:11  Mutalisk  
  120  9:13  Drone  
  114  9:20  Mutalisk x2  
  114  9:21  Zergling x2  
  104  9:24  Mutalisk  
  104  9:28  Mutalisk  
  104  9:30  Zergling x2  
  104  9:31  Zergling x4  
  97  9:38  Drone x4  
  92  9:39  Drone x4  
  98  9:47  Queen x2  
  98  9:52  Mutalisk  
  104  10:08  Mutalisk x3  
  104  10:09  Mutalisk  
  104  10:11  Mutalisk  
  112  10:14  Drone x3  
  112  10:18  Zergling x2  
  112  10:22  Mutalisk  
  112  10:24  Zergling x4  
  114  10:33  Evolution Chamber, Mutalisk  
  114  10:35  Zergling x2  
  116  10:40  Mutalisk x2  
  115  10:46  Mutalisk  
  116  10:52  Zergling x6  
  116  11:00  Drone  
  117  11:08  Mutalisk x2  
  117  11:10  Mutalisk  
  123  11:11  Hatchery  
  123  11:14  Zergling x4  
  124  11:22  Mutalisk  
  124  11:23  Zergling x2  
  124  11:25  Mutalisk  
  127  11:32  Zergling x2  
  130  11:33  Queen  
  132  11:40  Zergling x12  
  132  11:44  Overlord  
  132  11:45  Overlord  
  138  12:00  Mutalisk x2  
  138  12:01  Mutalisk  
  136  12:07  Mutalisk x4  
  143  12:19  Zergling x6  
  139  12:23  Mutalisk  
  139  12:28  Mutalisk  
  142  12:32  Mutalisk  
  140  12:39  Mutalisk  
  140  12:41  Zergling x4  
  140  12:43  Mutalisk  
  144  12:49  Mutalisk  

Tags
 
Add a new tag
Caveats
  • Supply blocks, unpowered buildings, or Contaminate may cause inaccurate times.
  • Supply counts are checked every 10 seconds.